 Dungeon Crawl Stone Soup version 0.23-a0-586-gacb4b3f (webtiles) character file.

1984 galech the Chopper (level 9, -2/67 HPs)
             Began as a Demonspawn Fighter on Dec 19, 2018.
             Slain by a killer bee (3 damage)
             ... on level 7 of the Dungeon.
             The game lasted 00:09:30 (7550 turns).

galech the Chopper (Demonspawn Fighter)             Turns: 7550, Time: 00:09:31

Health: -2/67      AC: 18    Str: 16    XL:     9   Next: 1%
Magic:  9/9        EV:  3    Int:  9    God:
Gold:   288        SH: 10    Dex: 17    Spells: 8/8 levels left

rFire    . . .     SeeInvis .   a - +0 war axe
rCold    . . .     Gourm    .   c - +0 shield
rNeg     . . .     Faith    .   u - +3 plate armour
rPois    .         Spirit   .   (no helmet)
rElec    .         Reflect  .   y - +0 cloak
rCorr    .         Harm     .   (gloves unavailable)
MR       .....                  (no boots)
Stlth    ..........             (no amulet)
HPRegen  0.21/turn              (no ring)
MPRegen  0.11/turn              (no ring)

@: lethally poisoned (-2 -> -6), drained
A: claws 3, thin metallic scales 1, demonic guardian 1, powered by pain 1
a: no special abilities


You were on level 7 of the Dungeon.
You were not hungry.

You visited 2 branches of the dungeon, and saw 8 of its levels.

You collected 288 gold pieces.

Inventory:

Hand Weapons
 a - a +0 war axe (weapon)
Armour
 c - a +0 shield (worn)
 u - a +3 plate armour (worn)
 y - a +0 cloak (worn)
Wands
 d - a wand of flame (16)
 k - a wand of iceblast (4)
 l - a wand of scattershot (5)
 r - a wand of enslavement (10)
Scrolls
 g - 3 scrolls of enchant weapon {unknown}
 h - 10 scrolls of identify {unknown}
 i - 3 scrolls of remove curse {unknown}
 n - a scroll of enchant armour {unknown}
 p - 3 scrolls of immolation
 q - 3 scrolls of teleportation {unknown}
 s - 3 scrolls of amnesia {unknown}
 v - a scroll of fog {unknown}
 w - a scroll of noise {unknown}
Potions
 e - a potion of brilliance
 j - a potion of agility
 t - a potion of haste
Comestibles
 f - 9 rations


   Skills:
 + Level 4.8(4.3) Fighting
 + Level 7.3(6.8) Axes
 + Level 5.5(5.1) Armour
 + Level 1.7(1.3) Dodging
 + Level 0.9(0.5) Stealth
 + Level 5.4(4.9) Shields


You had 8 spell levels left.
You didn't know any spells.
Your spell library contained the following spells:

 Spells                   Type           Power        Failure   Level  Hunger
 Summon Small Mammal      Summ           #...         100%        1    ##.....
 Call Imp                 Summ           #.......     100%        2    ###....
 Call Canine Familiar     Summ           #.......     100%        3    ####...
 Summon Guardian Golem    Hex/Summ       #.......     100%        3    ####...
 Summon Ice Beast         Ice/Summ       #.......     100%        4    #####..
 Summon Lightning Spire   Summ/Air       #.......     100%        4    #####..


Dungeon Overview and Level Annotations

Branches:
Dungeon (7/15)             Temple (1/1) D:4

Altars:
Ashenzari
Cheibriados
Dithmenos
Elyvilon
Fedhas
Gozag
Hepliaklqana
Makhleb
Nemelex Xobeh
Qazlal
Ru
Sif Muna
Trog
Uskayaw
Vehumet
Wu Jian
Xom
Yredelemnul
Zin


Innate Abilities, Weirdness & Mutations

You have claws for hands.
You are partially covered in thin metallic scales. (AC +2)
A weak demonic guardian rushes to your aid.
You sometimes gain a little power by taking damage.


Message History

The killer bee stings you but does no damage.
Your shadow imp completely misses the killer bee.
* * * LOW HITPOINT WARNING * * *
You feel sick.
The killer bee stings you but does no damage.
Your shadow imp closely misses the killer bee.
* * * LOW HITPOINT WARNING * * *
You feel sick.
The killer bee stings you but does no damage.
* * * LOW HITPOINT WARNING * * *
You feel sick.
The killer bee stings you but does no damage.
The killer bee stings you but does no damage.
You completely miss the killer bee.
The killer bee is severely wounded.
* * * LOW HITPOINT WARNING * * *
You feel sick. You block the killer bee's attack. The killer bee stings you.
* * * LOW HITPOINT WARNING * * *
The killer bee stings you.
You die...

## . .## ..# #.# #.#
######################.####...
.........)...)..@yy5.†...?.>..
#######################.###...
.# .. #.# .# .. #.


You could see 2 killer bees and a friendly shadow imp.

Vanquished Creatures
  Grinder (D:4)
  Eustachio (D:4)
  Edmund (D:3)
  A phantom (D:7)
  A sky beast (D:5)
  2 ogres
  A bullfrog (D:7)
  A killer bee (D:7)
  3 wights (D:7)
  A howler monkey (D:6)
  A centaur zombie (D:6)
  A crimson imp (D:7)
  3 hounds
  Crazy Yiuf (D:6)
  An orc priest (D:5)
  A bullfrog skeleton (D:6)
  5 worker ants
  An orc wizard (D:4)
  3 gnolls
  8 adders
  An ooze (D:3)
  An adder skeleton (D:4)
  3 worms (D:2)
  A dart slug (D:1)
  7 leopard geckos
  10 orcs
  7 bats
  6 giant cockroaches
  7 goblins
  8 hobgoblins
  13 jackals
  6 kobolds
  4 quokkas
  4 ball pythons
  4 frilled lizards
  A quokka zombie (D:6)
  8 rats
129 creatures vanquished.

Vanquished Creatures (collateral kills)
  A phantom (D:4)
  2 ogres
  A big kobold (D:4)
  A crimson imp (D:3)
  A jelly (D:5)
  An orc priest (D:4)
  An orc wizard (D:5)
  2 gnolls (D:4)
  An adder (D:5)
  A quokka skeleton (D:4)
12 creatures vanquished.

Grand Total: 141 creatures vanquished

Notes
Turn   | Place    | Note
-------+----------+-------------------------------------------
     0 | D:1      | galech the Demonspawn Fighter began the quest for the Orb.
     0 | D:1      | Reached XP level 1. HP: 18/18 MP: 1/1
    78 | D:1      | Gained mutation: A weak demonic guardian rushes to your
                  | aid. [demonic ancestry]
    78 | D:1      | Reached XP level 2. HP: 23/24 MP: 2/2
   156 | D:1      | Reached skill level 2 in Axes
   602 | D:1      | Gained mutation: You have sharp fingernails. [demonic
                  | ancestry]
   602 | D:1      | Reached XP level 3. HP: 13/29 MP: 3/3
  1205 | D:2      | Noticed a water elemental
  1206 | D:2      | Found a stormy altar of Qazlal.
  1208 | D:2      | Noticed an air elemental
  1208 | D:2      | Noticed an earth elemental
  1208 | D:2      | Noticed a fire elemental
  1489 | D:2      | Gained mutation: You have very sharp fingernails. [demonic
                  | ancestry]
  1489 | D:2      | Reached XP level 4. HP: 32/35 MP: 4/4
  2049 | D:3      | Reached skill level 3 in Axes
  2573 | D:3      | Gained mutation: You sometimes gain a little power by
                  | taking damage. [demonic ancestry]
  2573 | D:3      | Reached XP level 5. HP: 16/41 MP: 5/5
  3050 | D:3      | Reached skill level 1 in Dodging
  3221 | D:4      | Noticed Edmund
  3241 | D:3      | HP: 2/41 [gnoll (5)]
  3564 | D:3      | Killed Edmund
  3564 | D:3      | Reached skill level 4 in Axes
  3564 | D:3      | Reached XP level 6. HP: 32/48 MP: 6/6
  3871 | D:4      | Noticed Eustachio
  4551 | D:4      | Killed Eustachio
  4645 | D:4      | Found a staircase to the Ecumenical Temple.
  4657 | Temple   | Entered the Ecumenical Temple
  4717 | D:4      | Gained mutation: You are partially covered in thin metallic
                  | scales. (AC +2) [demonic ancestry]
  4717 | D:4      | Reached XP level 7. HP: 51/53 MP: 7/7
  5113 | D:4      | Noticed Grinder
  5123 | D:4      | Killed Grinder
  5123 | D:4      | Reached skill level 5 in Axes
  5603 | D:5      | Entered Level 5 of the Dungeon
  5613 | D:5      | Gained mutation: You have claws for hands. [demonic
                  | ancestry]
  5613 | D:5      | Reached XP level 8. HP: 41/60 MP: 8/8
  6141 | D:5      | Reached skill level 6 in Axes
  6711 | D:6      | Found a runed door.
  6787 | D:6      | Reached skill level 5 in Shields
  6793 | D:6      | Reached skill level 5 in Armour
  7118 | D:6      | Noticed Crazy Yiuf
  7131 | D:6      | Killed Crazy Yiuf
  7397 | D:7      | Reached skill level 7 in Axes
  7410 | D:7      | Found a sacrificial altar of Ru.
  7412 | D:7      | Found a hazy altar of Hepliaklqana.
  7412 | D:7      | Found a burning altar of Makhleb.
  7412 | D:7      | Found a basalt altar of Yredelemnul.
  7413 | D:7      | Found a snail-covered altar of Cheibriados.
  7413 | D:7      | Found an ornate altar of the Wu Jian Council.
  7413 | D:7      | Found a glowing silver altar of Zin.
  7509 | D:7      | Reached XP level 9. HP: 47/67 MP: 9/9
  7542 | D:7      | HP: 3/67 [killer bee (5)]
  7548 | D:7      | HP: 3/67 [poisoned by a killer bee]
  7550 | D:7      | HP: 1/67 [killer bee (2)]
  7550 | D:7      | Slain by a killer bee

Vault maps used:
D:1:      ncdulo_halloftheorcs
D:2:      nicolae_qazlal_style_of_elements, first_ration,
          minmay_misc_feat_more_columns
D:3:      chequers_serial_rivers_small_a
D:4:      minmay_temple_entry_hall, chequers_jeans, hangedman_minor_gate_pass,
          uniq_grinder, uniq_eustachio, uniq_edmund
D:6:      uniq_crazy_yiuf_cottage
D:7:      grunt_temple_overflow_open
Temple:   minmay_freezing_vapour_temple

Skill      XL: |  1  2  3  4  5  6  7  8 |
---------------+-------------------------+-----
Shields        | 3 4 5 |  5.4
Axes           | 2 3 4 5 7 |  7.3
Armour         | 3 4 5 |  5.5
Dodging        | 1 |  1.7
Fighting       | 4 |  4.8
Stealth        | |  0.9

Action                   |  1- 3 |  4- 6 |  7- 9 || total
-------------------------+-------+-------+-------++-------
Melee: War axe           |   143 |   253 |   379 ||   775
  Use: Potion            |       |     4 |     4 ||     8
       Scroll            |       |       |     1 ||     1
 Stab: Distracted        |       |     2 |     1 ||     3
  Eat: Chunk             |     2 |    11 |    10 ||    23
Armor: Scale mail        |    48 |       |       ||    48
       Chain mail        |    21 |   170 |    33 ||   224
       Plate armour      |       |       |   265 ||   265
Dodge: Dodged            |    45 |    52 |    55 ||   152
Block: Shield            |    68 |   166 |   179 ||   413

Table legend:
 A = Non-vault XP
 B = Vault XP
 C = Vault XP percentage of total XP
 D = Non-vault monster count
 E = Vault monster count
 F = Vault count percentage of total count
                 A         B        C        D         E       F
            +---------+---------+-------+---------+---------+-------
      Total |    2228 |     607 |  21.4 |     131 |      10 |   7.1
            +---------+---------+-------+---------+---------+-------
        D:1 |      48 |       0 |   0.0 |      26 |       0 |   0.0
        D:2 |      68 |       0 |   0.0 |      27 |       0 |   0.0
        D:3 |     154 |     132 |  46.2 |      21 |       1 |   4.5
        D:4 |     491 |     434 |  46.9 |      23 |       8 |  25.8
        D:5 |     444 |       0 |   0.0 |      12 |       0 |   0.0
        D:6 |     416 |      41 |   9.0 |      10 |       1 |   9.1
        D:7 |     607 |       0 |   0.0 |      12 |       0 |   0.0
            +---------+---------+-------+---------+---------+-------
